 Dungeon Crawl Stone Soup version 0.22-a0-480-g991dd4b2b4 (webtiles) character file.

373 Delvair the Agent of Entropy (level 6, -23/48 HPs)
             Began as a Demonspawn Abyssal Knight on June 16, 2018.
             Was a Priest of Lugonu.
             Annihilated by an ogre
             ... wielding a +0 giant club
              (24 damage)
             ... on level 4 of the Dungeon.
             The game lasted 00:30:57 (4787 turns).

Delvair the Agent of Entropy (DsAK)                 Turns: 4787, Time: 00:30:58

Health: -23/48     AC:  9    Str: 14    XL:     6   Next: 43%
Magic:  9/9        EV:  9    Int: 13    God:    Lugonu [***...]
Gold:   139        SH:  0    Dex: 13    Spells: 5/5 levels left

rFire    . . .     SeeInvis .   a - +1 falchion
rCold    . . .     Gourm    .   (no shield)
rNeg     . . .     Faith    .   x - +0 scale mail
rPois    .         Spirit   .   (helmet restricted)
rElec    .         Reflect  .   (no cloak)
rCorr    .         Harm     .   i - +2 pair of gloves
MR       .....                  (no boots)
Stlth    ..........             j - amulet of rage
HPRegen  0.16/turn              (no ring)
MPRegen  0.11/turn              (no ring)

@: no status effects
A: horns 1
a: Depart the Abyss, Bend Space, Banish, Renounce Religion, Evoke Berserk Rage


You were on level 4 of the Dungeon.
You worshipped Lugonu.
Lugonu was most pleased with you.
You were not hungry.

You visited 2 branches of the dungeon, and saw 5 of its levels.
You visited the Abyss 1 time.

You collected 139 gold pieces.

Inventory:

Hand Weapons
 a - a +1 falchion (weapon)
 b - a +0 hunting sling
 B - a +0 halberd
Missiles
 o - 2 tomahawks (quivered)
 s - 72 stones
 y - 15 poisoned needles
 z - 12 sling bullets
 C - a throwing net
Armour
 i - a +2 pair of gloves (worn)
 x - a +0 scale mail (worn)
Jewellery
 j - an amulet of rage (around neck)
Scrolls
 d - 2 scrolls of magic mapping {unknown}
 f - 3 scrolls of teleportation {unknown}
 h - 4 scrolls of remove curse {unknown}
 k - 3 scrolls of identify
 m - 2 scrolls of random uselessness {unknown}
 q - a scroll of fog {unknown}
 w - 3 scrolls of enchant weapon {unknown}
Potions
 e - 3 potions of agility {unknown}
 g - 3 potions of brilliance {unknown}
 l - 4 potions of curing {unknown}
 n - 2 potions of mutation {unknown}
 p - a potion of haste {unknown}
 r - a potion of magic {unknown}
 t - a potion of invisibility {unknown}
 v - a potion of might {unknown}
Comestibles
 c - 6 rations


   Skills:
 + Level 4.1 Fighting
 + Level 4.2 Long Blades
 + Level 3.0 Armour
 - Level 1.0 Dodging
 * Level 4.4 Invocations


You had 5 spell levels left.
You didn't know any spells.
Your spell library was empty.

Dungeon Overview and Level Annotations

Branches:
Dungeon (4/15)             Temple (1/1) D:4

Altars:
Ashenzari
Cheibriados
Dithmenos
Elyvilon
Fedhas
Gozag
Hepliaklqana
Kikubaaqudgha
Makhleb
Qazlal
Trog
Vehumet
Wu Jian
Xom
Yredelemnul
Zin
The Shining One


Innate Abilities, Weirdness & Mutations

You have a pair of small horns on your head.


Message History

There is an open door here.
Space bends around you!
You blink.
You open the door.
There is an open door here.
There is an open door here.
There is a stone staircase leading up, spattered with blood here.
You climb upwards.
There is a stone staircase leading down here.
You start resting.
HP restored.
You climb downwards.
The ogre hits you with a giant club!!
Ouch! That really hurt!
There is a stone staircase leading up, spattered with blood here.
You fail to use your ability.
The ogre hits you with a giant club!!
* * * LOW HITPOINT WARNING * * *
You hit the ogre.
The ogre is lightly wounded.
The ogre hits you with a giant club!!
Ouch! That really hurt!
You die...

#.#####. #.# #. ##########
##.#####. #........# #.....##.
#.######.# #........ ##.#### #.#
#....#... ......# #.#
##########.#...### ##.##.# #.#
#O.........##.## #.##.###.####
#@###########.# #.##........# #.#
#.# #........##.# #.# ##'##
#####.######.###.###### ##...## #
##....# #..........# ##.....## #
##..##.# #.......##.###.......#
###...##.###...###..#.##.........
...............# #.....'.....)...
###............###..#.##.........


You could see an ogre.

Vanquished Creatures
  An ogre (D:4)
  3 worker ants (D:4)
  A worker ant zombie (D:4)
  Robin (D:3)
  4 gnolls (D:3)
  5 adders
  An ooze (D:1)
  3 worms (D:2)
  4 dart slugs
  4 leopard geckos
  An orc (D:3)
  6 bats
  7 giant cockroaches
  16 goblins
  7 hobgoblins
  4 jackals (D:2)
  4 quokkas
  2 frilled lizards (D:1)
  5 kobolds
  6 rats
85 creatures vanquished.

Notes
Turn   | Place    | Note
-------+----------+-------------------------------------------
     0 | Abyss:1  | Delvair the Demonspawn Abyssal Knight began the quest for the Orb.
     0 | Abyss:1  | Reached XP level 1. HP: 18/18 MP: 2/2
    24 | D:1      | Escaped the Abyss
   150 | D:1      | Gained mutation: You have a pair of small horns on your head. [demonic ancestry]
   150 | D:1      | Reached XP level 2. HP: 18/24 MP: 4/4
   235 | D:1      | Reached skill level 1 in Dodging
   596 | D:1      | Reached XP level 3. HP: 23/29 MP: 5/5
   737 | D:1      | Reached ** piety under Lugonu
  1023 | D:2      | Found a shattered altar of Ashenzari.
  1403 | D:2      | Reached XP level 4. HP: 22/35 MP: 6/6
  2403 | D:3      | Noticed Robin
  2411 | D:3      | Reached *** piety under Lugonu
  2419 | D:3      | Killed Robin
  2760 | D:3      | Reached XP level 5. HP: 41/41 MP: 7/7
  3507 | D:4      | Found a staircase to the Ecumenical Temple.
  3752 | Temple   | Entered the Ecumenical Temple
  3849 | D:4      | Reached XP level 6. HP: 48/48 MP: 9/9
  4096 | D:4      | Found an ornate altar of the Wu Jian Council.
  4104 | D:4      | Found a shadowy altar of Dithmenos.
  4786 | D:4      | HP: 1/48 [ogre/giant club (20)]
  4787 | D:4      | Annihilated by an ogre

Vault maps used:
D:1:      minmay_arrival_plants_in_alcoves, minmay_box_of_dots
D:2:      first_ration, grunt_decor_arrowhead, st_stairs_3,
          hangedman_feature_mirror, kennysheep_pointless_box, ashenzari_altar_1
D:3:      uniq_robin
D:4:      minitemple, minmay_temple_entry_mist, minmay_misc_feat_secret_circle,
          uniq_eustachio
Temple:   compressed_dpeg_circular_temple
Abyss:1:  minivault_25

Skill      XL: |  1  2  3  4  5  6 |
---------------+-------------------+-----
Long Blades    | 2 3 4 |  4.2
Dodging        | 1 |  1.0
Armour         | 2 3 |  3.0
Invocations    | 3 4 |  4.4
Fighting       | 4 |  4.1

Action                   |  1- 3 |  4- 6 || total
-------------------------+-------+-------++-------
Melee: Falchion          |   109 |   173 ||   282
       Headbutt          |    10 |    30 ||    40
Throw: Tomahawk          |       |     2 ||     2
Invok: Bend Space        |       |     7 ||     7
 Abil: Evoke Berserk Rag |       |     5 ||     5
  Use: Potion            |     2 |       ||     2
       Scroll            |       |     1 ||     1
 Stab: Sleeping          |     1 |       ||     1
  Eat: Chunk             |     1 |    10 ||    11
       Ration            |       |     2 ||     2
Armor: Leather armour    |    44 |    29 ||    73
       Skin              |    22 |       ||    22
       Scale mail        |       |    47 ||    47
Dodge: Dodged            |    85 |   102 ||   187
       Rpst.: Falchion   |    25 |    31 ||    56

Table legend:
 A = Spawn XP
 B = Non-spawn XP
 C = Spawn XP percentage of total XP
 D = Spawn monster count
 E = Non-spawn monster count
 F = Spawn count percentage of total count
 G = Total turns spent on level
                    A         B        C        D         E        F      G
               +---------+---------+-------+---------+---------+-------+---------
         Total |       0 |     534 |   0.0 |       0 |      85 |   0.0 |  4787
               +---------+---------+-------+---------+---------+-------+---------
           D:1 |       0 |      48 |   0.0 |       0 |      23 |   0.0 |   993
           D:2 |       0 |      98 |   0.0 |       0 |      28 |   0.0 |  1386
           D:3 |       0 |     112 |   0.0 |       0 |      24 |   0.0 |  1284
           D:4 |       0 |     276 |   0.0 |       0 |      10 |   0.0 |  1038
               +---------+---------+-------+---------+---------+-------+---------
